 Dungeon Crawl Stone Soup version 0.31-a0-189-ga26ba32dd1 (webtiles) character file.

Game seed: 6004645815216949753

156 qw the Skirmisher (level 5, -1/29 HPs)
             Began as a Deep Elf Hunter on June 23, 2023.
             Slain by an ice beast (8 damage)
             ... on level 4 of the Dungeon.
             The game lasted 00:00:56 (2452 turns).

qw the Skirmisher (Deep Elf Hunter)                 Turns: 2452, Time: 00:00:57

Health: -1/29      AC: 14    Str: 10    XL:     5   Next: 14%
Magic:  7/7        EV:  9    Int: 14    God:
Gold:   202        SH:  0    Dex: 18    Spells: 4/4 levels left

rFire   . . .        Y - +0 shortbow
rCold   . . .        (shield currently unavailable)
rNeg    . . .        g - +5 scale mail of Gravity {rElec}
rPois   .            (no helmet)
rElec   +            f - +0 cloak
rCorr   .            (no gloves)
SInv    .            d - +1 pair of boots
Will    .....        (no amulet)
Stlth   +            (no ring)
HPRegen 0.24/turn    (no ring)
MPRegen 0.10/turn

%: no passive effects
@: no status effects
A: no striking features
a: no special abilities


You were on level 4 of the Dungeon.
You visited 1 branch of the dungeon, and saw 4 of its levels.

You collected 202 gold pieces.


   Skills:
 - Level 1.5 Fighting
 + Level 8.1 Ranged Weapons
 - Level 1.3 Armour
 - Level 2.4 Dodging
 - Level 1.2 Stealth


You had 4 spell levels left.
You didn't know any spells.
Your spell library was empty.

Inventory:

Hand Weapons
 Y - a +0 shortbow (weapon)
Armour
 d - a +1 pair of boots (worn)
 f - a +0 cloak (worn)
 g - the +5 scale mail of Gravity (worn) {rElec}
   (You found it on level 3 of the Dungeon)

   rElec:     It insulates you from electricity.
Scrolls
 b - a scroll of identify
Potions
 a - a potion of cancellation {unknown}
 e - a potion of heal wounds {unknown}
 i - 3 potions of curing
 j - a potion of attraction {unknown}

Dungeon Overview and Level Annotations

Branches:
Dungeon (4/15)
 Temple: D:4-7

Altars:


Message History

i - 3 potions of curing (gained 1)
An ice beast comes into view.
The ice beast moves out of view.
Enter note:
Enter note:
Found an escape hatch in the floor.
Enter note:
Enter note: You shoot an arrow.
The arrow hits the ice beast.
The ice beast is lightly wounded.
You shoot an arrow. The arrow hits the ice beast!
The ice beast is heavily wounded.
You shoot an arrow. The arrow hits the ice beast.
The ice beast is heavily wounded.
The ice beast hits you but does no damage. x2
You shoot an arrow.
The arrow hits the ice beast but does no damage.
The ice beast is heavily wounded.
The ice beast barely misses you.
You shoot an arrow. The arrow hits the ice beast.
The ice beast is severely wounded.
The ice beast hits you but does no damage.
You shoot an arrow. The arrow barely misses the ice beast.
The ice beast hits you. The ice beast freezes you!
The ice beast closely misses you.
You shoot an arrow. The arrow closely misses the ice beast.
The ice beast hits you but does no damage.
You shoot an arrow.
The arrow hits the ice beast but does no damage.
The ice beast is heavily wounded.
The ice beast hits you but does no damage.
You shoot an arrow.
The arrow hits the ice beast but does no damage.
The ice beast is heavily wounded.
The ice beast hits you. The ice beast freezes you!
You shoot an arrow.
The arrow hits the ice beast but does no damage.
The ice beast is heavily wounded.
The ice beast hits you. The ice beast freezes you!
You die...

#.##.###...#......
####.##.###.#.#......
#.....#.....#........
#.....##############+
#.....# #.....#
#.....# ####.## #@#
#....Y......#
#...........#
#...........#
#>...........#
#............#
#............#
############.#


You could see an ice beast.

Vanquished Creatures
  A jelly (D:4)
  5 adders
  A worm (D:3)
  A dart slug (D:1)
  4 orcs (D:3)
  5 endoplasms
  2 giant cockroaches
  3 goblins (D:1)
  8 hobgoblins
  6 jackals
  2 quokkas
  7 ball pythons
  7 bats
  5 frilled lizards
  6 kobolds
  7 rats
70 creatures vanquished.

Notes
Turn   | Place    | Note
-------+----------+-------------------------------------------
     0 | D:1      | qw the Deep Elf Hunter began the quest for the Orb.
     0 | D:1      | Reached XP level 1. HP: 12/12 MP: 3/3
     0 | D:1      | 0 ||| qw: Version: 0.3-a-9-g12657ce
     0 | D:1      | 0 ||| qw: Game counter: 4435
     0 | D:1      | 0 ||| qw: Always use a shield: true
     0 | D:1      | 0 ||| qw: God list: Okawaru
     0 | D:1      | 0 ||| qw: Allow faded altars: false
     0 | D:1      | 0 ||| qw: Do Orc after D:15 true
     0 | D:1      | 0 ||| qw: Do second Lair branch before Depths: true
     0 | D:1      | 0 ||| qw: Lair rune preference: random
     0 | D:1      | 0 ||| qw: Plans: Normal
     0 | D:1      | 0 ||| PLANNING D:1-11
   238 | D:1      | Reached skill level 6 in Ranged Weapons
   238 | D:1      | Reached XP level 2. HP: 16/16 MP: 4/4
   482 | D:1      | You fall into a shaft and drop 1 floor!
   501 | D:2      | Reached XP level 3. HP: 20/20 MP: 5/5
   571 | D:2      | 571 ||| UPGRADING to +0 pair of boots.
   576 | D:2      | 576 ||| UPGRADING to +0 ring mail.
   586 | D:2      | 586 ||| DROPPING +0 leather armour.
   587 | D:2      | 587 ||| READING 2 scrolls labelled LELIPS WEUPY.
   588 | D:2      | 588 ||| READING scroll labelled AGAKI DAIWN.
   589 | D:2      | 589 ||| READING scroll labelled HEIGYS NEDAENI.
   590 | D:2      | 590 ||| READING scroll labelled GAPEUJ MEMUUDWIMP.
   591 | D:2      | 591 ||| READING scroll labelled CAR YRE SIR.
   592 | D:2      | 592 ||| DRINKING 3 glowing black potions.
   593 | D:2      | 593 ||| DROPPING scroll of noise.
   594 | D:2      | 594 ||| DROPPING scroll of butterflies.
   839 | D:1      | Reached skill level 7 in Ranged Weapons
   988 | D:1      | 988 ||| READING scroll labelled ZAERGH NARCHUPUDO.
  1010 | D:2      | 1010 ||| READING scroll of enchant armour.
  1010 | D:2      | 1010 ||| ENCHANTING +0 pair of boots.
  1248 | D:2      | Reached XP level 4. HP: 25/25 MP: 6/6
  1649 | D:2      | 1649 ||| READING scroll labelled BAGEXO PEWOCK.
  1712 | D:3      | 1712 ||| FLEEEEING.
  1863 | D:3      | Reached skill level 8 in Ranged Weapons
  1892 | D:3      | Identified the +5 scale mail of Gravity {rElec}
  2063 | D:3      | 2063 ||| UPGRADING to +0 cloak.
  2068 | D:3      | 2068 ||| UPGRADING to +5 scale mail of Gravity {rElec}.
  2078 | D:3      | 2078 ||| DROPPING +0 ring mail.
  2079 | D:3      | 2079 ||| DRINKING 2 bubbling puce potions.
  2080 | D:3      | 2080 ||| DROPPING potion of brilliance.
  2390 | D:4      | Reached skill level 1 in Armour
  2390 | D:4      | Reached XP level 5. HP: 18/29 MP: 7/7
  2441 | D:4      | Noticed an ice beast
  2452 | D:4      | HP: 7/29 [ice beast (1)]
  2452 | D:4      | Slain by an ice beast

Levels and vault maps discovered:
D:1:      minmay_arrival_five_plusses, layout_loops_corners,
          minmay_misc_feat_tower, minmay_cut_off
D:2:      layout_basic
D:3:      layout_rooms, nicolae_the_louvre
D:4:      layout_basic, minivault_1, minmay_box_of_dots

Skill      XL: |  1  2  3  4 |
---------------+-------------+-----
Ranged Weapons | 6 7 8 |  8.1
Armour         | 1 |  1.3
Fighting       | |  1.5
Dodging        | |  2.4
Stealth        | |  1.2

Action                     |  1- 3 |  4- 6 || total
---------------------------+-------+-------++-------
   Fire: Shortbow          |   104 |   101 ||   205
    Use: Scroll            |     7 |     1 ||     8
         Potion            |     1 |     1 ||     2
 Armour: Leather armour    |     5 |       ||     5
         Ring mail         |     6 |    12 ||    18
         Scale mail        |       |    21 ||    21
  Dodge: Dodged            |    39 |    28 ||    67

Table legend:
 A = Non-vault XP
 B = Vault XP
 C = Vault XP percentage of total XP
 D = Non-vault monster count
 E = Vault monster count
 F = Vault count percentage of total count
                 A         B        C        D         E       F
            +---------+---------+-------+---------+---------+-------
      Total |     221 |       2 |   0.9 |      68 |       2 |   2.9
            +---------+---------+-------+---------+---------+-------
        D:1 |      44 |       2 |   4.3 |      27 |       2 |   6.9
        D:2 |      60 |       0 |   0.0 |      15 |       0 |   0.0
        D:3 |      63 |       0 |   0.0 |      19 |       0 |   0.0
        D:4 |      54 |       0 |   0.0 |       7 |       0 |   0.0
            +---------+---------+-------+---------+---------+-------
